[Event "Titled Tuesday Blitz May 23 Late 2023"]
[White "Simonovic, Miroslav"]
[Black "Remolar Gallen, Jose"]
[WhiteFideId "919152"]
[BlackFideId "2215187"]
[WhiteElo "2042"]
[BlackElo "2223"]
[Result "0-1"]
[Round "08"]
[TimeControl "180+2"]
[Date "2023.05.23"]
[WhiteClock "0:00:14"]
[BlackClock "0:00:14"]

1. d4 Nf6 2. Bg5 Ne4 3. Bf4 c5 4. d5 Qb6 5. Nd2 Nxd2 6. Bxd2 d6 7. Bc3 Nd7 8. e4 Nf6 9. e5 Ne4 10. Qd3 Nxc3 11. Qxc3 Bf5 12. O-O-O O-O-O 13. Nf3 e6 14. exd6 Bxd6 15. Bc4 exd5 16. Bxd5 f6 17. Kb1 Kb8 18. h3 Rhe8 19. Bc4 Be4 20. Rhe1 Qc7 21. Qb3 Bc6 22. a4 Rxe1 23. Rxe1 Qd7 24. Be6 Bxa4 25. Qd3 Qc7 26. Qxh7 c4 27. Qe4 Bb5 28. Nd4 Ba6 29. Bd5 Qa5 30. Ne6 Rc8 31. Rd1 c3 32. Bb3 Be5 33. Nd4 cxb2 34. Kxb2 Qc3+ 35. Kb1 Rd8 36. Nc6+ bxc6 37. Rxd8+ Kc7 38. Rd4 Qxd4 39. Qxd4 Bxd4 40. f4 Bf1 41. g4 Bxh3 42. g5 Be3 43. gxf6 gxf6 44. f5 Bxf5 45. Kb2 Bd4+ 46. Kc1 Be5 47. Kd2 Kd6 48. Bf7 Be6 49. Be8 Bd5 50. Bxc6 Bxc6 51. Ke3 Kc5 52. c4 Kxc4 53. Kd2 a5 54. Ke2 a4 55. Kd2 a3 56. Kc2 Ba4+ 57. Kc1 a2 58. Kd2 a1=Q 59. Ke3 Qd4+ 60. Kf3 Bc6+ 61. Ke2 Qe4+ 62. Kd2 Bf4+ 63. Kd1 Ba4# 0-1


[Site "https://www.chess.com"]

[Event "Titled Tuesday Blitz May 23 Late 2023"]
[White "Bogaudinov, Rushan"]
[Black "lluiss"]
[WhiteFideId "4129288"]
[WhiteElo "1941"]
[BlackElo "2254"]
[Result "1-0"]
[Round "08"]
[TimeControl "180+2"]
[Date "2023.05.23"]
[WhiteClock "0:01:41"]
[BlackClock "0:01:21"]

1. a3 g6 2. h4 h5 3. d4 Bg7 4. e4 d6 5. Bd3 Nc6 6. Be3 e5 7. d5 Nce7 8. c4 c5 9. b4 b6 10. Nc3 f5 11. Bg5 Bf6 12. Nf3 Bxg5 13. hxg5 f4 14. bxc5 bxc5 15. O-O Bg4 16. Qa4+ Qd7 17. Nb5 Kf7 18. Qa6 Nc8 19. Rab1 Bxf3 20. gxf3 Qe7 21. Rfc1 Qxg5+ 22. Kf1 h4 23. Qb7+ Nge7 24. Qxa8 h3 25. Ke2 h2 26. Nxd6+ Kg7 27. Nxc8 Rxc8 28. Qxa7 1-0


[Site "https://www.chess.com"]

[Event "Titled Tuesday Blitz May 23 Late 2023"]
[White "Alimpic, Aleksa"]
[Black "Martinez, Ayelen"]
[WhiteFideId "974323"]
[BlackFideId "118702"]
[WhiteElo "2298"]
[BlackElo "2125"]
[Result "1-0"]
[Round "08"]
[TimeControl "180+2"]
[Date "2023.05.23"]
[WhiteClock "0:00:40"]
[BlackClock "0:00:01"]

1. Nf3 Nf6 2. g3 g6 3. b3 Bg7 4. Bb2 O-O 5. Bg2 d6 6. d4 Nbd7 7. O-O c5 8. c4 a5 9. Nc3 Rb8 10. d5 b6 11. Qc2 Re8 12. Rad1 Ba6 13. a4 Nf8 14. e4 e5 15. dxe6 Nxe6 16. e5 Nd4 17. Nxd4 cxd4 18. exf6 dxc3 19. Qxc3 Bf8 20. Rd3 Qd7 21. Rfd1 Bb7 22. Qd4 Qf5 23. Bxb7 Rxb7 24. Qd5 Qc8 25. Ba3 Re5 26. Qxe5 dxe5 27. Rd8 Rb8 28. Rxc8 Rxc8 29. Bxf8 Kxf8 30. Rd6 Ke8 31. Rxb6 Kd7 32. Kg2 Kc7 33. Rb5 Kd6 34. Rxa5 Ke6 35. Ra6+ Kf5 36. Rb6 Rd8 37. a5 Rd2 38. a6 Ra2 39. b4 e4 40. Kf1 Kg4 41. b5 Kf3 42. Ke1 Rxf2 43. a7 Rb2 44. a8=Q Ke3 45. Kd1 Rd2+ 46. Kc1 1-0


[Site "https://www.chess.com"]

[Event "Titled Tuesday Blitz May 23 Late 2023"]
[White "Einarsson, Halldor Gretar"]
[Black "Thiel, Thomas"]
[WhiteFideId "2300150"]
[BlackFideId "4615964"]
[WhiteElo "2110"]
[BlackElo "2232"]
[Result "1-0"]
[Round "08"]
[TimeControl "180+2"]
[Date "2023.05.23"]
[WhiteClock "0:00:08"]
[BlackClock "0:00:48"]

1. d4 Nf6 2. c4 g6 3. f3 c5 4. d5 d6 5. Nc3 e6 6. e4 exd5 7. cxd5 Bg7 8. Nge2 O-O 9. Ng3 h5 10. Bd3 Nbd7 11. O-O Ne5 12. Be2 h4 13. Nh1 h3 14. g3 Re8 15. Nf2 b6 16. Bg5 a6 17. a4 Qc7 18. Qd2 Nh7 19. Bh6 Bh8 20. f4 Nd7 21. Nxh3 c4 22. Nf2 Rb8 23. Rfc1 b5 24. axb5 axb5 25. Rab1 Nc5 26. b4 Nb3 27. Rxb3 cxb3 28. Nxb5 Qb6 29. f5 Rxe4 30. Rc6 Qe3 31. Bxe3 Rxe3 32. Qxe3 1-0


[Site "https://www.chess.com"]

[Event "Titled Tuesday Blitz May 23 Late 2023"]
[White "Clawitter, Craig"]
[Black "Slavin, Alexey"]
[WhiteFideId "2023105"]
[BlackFideId "24104388"]
[WhiteElo "2227"]
[BlackElo "2264"]
[Result "1-0"]
[Round "08"]
[TimeControl "180+2"]
[Date "2023.05.23"]
[WhiteClock "0:00:15"]
[BlackClock "0:01:24"]

1. e4 Nc6 2. Nc3 d6 3. d4 Nf6 4. Bb5 Bd7 5. Nf3 a6 6. Ba4 b5 7. Bb3 b4 8. e5 bxc3 9. exf6 exf6 10. bxc3 Be7 11. O-O O-O 12. h4 Re8 13. Qd3 Na5 14. h5 h6 15. Bxf7+ Kxf7 16. Qg6+ Kf8 17. Bxh6 gxh6 18. Qxh6+ Kf7 19. Qh7+ Ke6 20. Rfe1+ Kd5 21. Qe4+ Kc4 22. d5+ Kc5 23. Qd4+ Kb5 24. Rab1+ Nb3 25. Rxb3+ Ka5 26. Qb4# 1-0


[Site "https://www.chess.com"]

[Event "Titled Tuesday Blitz May 23 Late 2023"]
[White "Almedina Ortiz, Edgardo J."]
[Black "Rodriguez Santiago, Jaime"]
[WhiteFideId "3100197"]
[BlackFideId "3100898"]
[WhiteElo "2217"]
[BlackElo "2025"]
[Result "1-0"]
[Round "08"]
[TimeControl "180+2"]
[Date "2023.05.23"]
[WhiteClock "0:00:14"]
[BlackClock "0:00:39"]

1. d4 Nf6 2. c4 e6 3. Nc3 Bb4 4. Qc2 O-O 5. a3 Bxc3+ 6. Qxc3 d5 7. Bg5 h6 8. Bxf6 Qxf6 9. cxd5 exd5 10. Nf3 c6 11. e3 Re8 12. Bd3 Nd7 13. O-O Nf8 14. Ne5 Be6 15. b4 Nd7 16. f4 Bf5 17. Rf3 Bxd3 18. Qxd3 Nxe5 19. fxe5 Qe6 20. Raf1 Re7 21. b5 cxb5 22. Qxb5 a6 23. Qb4 Rc7 24. h3 b5 25. Rg3 Rac8 26. Rf6 Qe8 27. Rxa6 Rc4 28. Qd6 R8c6 29. Rxc6 Qxc6 30. Qd8+ Kh7 31. Qf8 Qe6 32. Qxg7# 1-0


[Site "https://www.chess.com"]

[Event "Titled Tuesday Blitz May 23 Late 2023"]
[White "Dubreuil, Julien"]
[Black "Liu, Kelsey"]
[WhiteFideId "621285"]
[BlackFideId "30944481"]
[WhiteElo "2314"]
[BlackElo "2211"]
[Result "0-1"]
[Round "08"]
[TimeControl "180+2"]
[Date "2023.05.23"]
[WhiteClock "0:01:08"]
[BlackClock "0:00:54"]

1. e4 c5 2. Nf3 e6 3. d4 cxd4 4. Nxd4 Nc6 5. Nb5 d6 6. c4 a6 7. N5c3 Nf6 8. Be2 Be7 9. O-O O-O 10. Be3 Qc7 11. Na3 b6 12. Rc1 Nd7 13. Kh1 Nc5 14. b4 Nxb4 15. Nc2 Nxc2 16. Qxc2 Bb7 17. Rb1 Rab8 18. Rb2 Bc6 19. Rfb1 Bf6 20. f3 Bxc3 21. Qxc3 Na4 22. Qc2 Nxb2 23. Qxb2 b5 24. c5 d5 25. Bd4 f6 26. e5 f5 27. f4 a5 28. Rg1 b4 29. g4 fxg4 30. Bxg4 Rxf4 31. Bxe6+ Kh8 32. Qd2 Rbf8 33. Bh3 Rh4 34. Qg2 Rxd4 35. e6 Rdf4 0-1


[Site "https://www.chess.com"]

[Event "Titled Tuesday Blitz May 23 Late 2023"]
[White "Kostiukov, Alexandr"]
[Black "Kovacevic, Radmila"]
[WhiteFideId "14108100"]
[BlackFideId "933171"]
[WhiteElo "2202"]
[BlackElo "2194"]
[Result "1-0"]
[Round "08"]
[TimeControl "180+2"]
[Date "2023.05.23"]
[WhiteClock "0:00:22"]
[BlackClock "0:00:00"]

1. g3 e5 2. Bg2 h5 3. h4 c5 4. c4 f5 5. Nc3 Nf6 6. e3 Nc6 7. Nge2 e4 8. d3 exd3 9. Qxd3 d6 10. Nf4 Ne5 11. Qe2 Nfg4 12. b3 g5 13. hxg5 Qxg5 14. Ncd5 Kf7 15. Bb2 Bg7 16. O-O-O Bd7 17. Nc7 Rac8 18. Bd5+ Ke7 19. Nce6 Qf6 20. Nxg7 Qxg7 21. Nxh5 Rxh5 22. Rxh5 Nf6 23. Rh4 b5 24. cxb5 c4 25. bxc4 Nfg4 26. f4 Bxb5 27. fxe5 Nxe5 28. Kb1 Ba6 29. Rdh1 1-0


[Site "https://www.chess.com"]

[Event "Titled Tuesday Blitz May 23 Late 2023"]
[White "rikchessmx"]
[Black "Brown, Raehanna"]
[BlackFideId "7402740"]
[WhiteElo "2291"]
[BlackElo "1655"]
[Result "1-0"]
[Round "08"]
[TimeControl "180+2"]
[Date "2023.05.23"]
[WhiteClock "0:00:47"]
[BlackClock "0:00:58"]

1. e4 c5 2. Nf3 Nc6 3. d4 cxd4 4. Nxd4 Nf6 5. Nc3 g6 6. Nxc6 bxc6 7. Bd3 Bg7 8. f4 O-O 9. O-O d5 10. e5 Nd7 11. Qe1 e6 12. Kh1 a6 13. b3 c5 14. Ba3 Bb7 15. Na4 Qc7 16. c4 dxc4 17. Bxc4 Nb6 18. Nxc5 Nxc4 19. bxc4 Rfc8 20. Nxb7 Qxb7 21. Rc1 Bf8 22. Bxf8 Kxf8 23. a3 a5 24. Qh4 Kg8 25. Rf3 Rxc4 26. Rcf1 Rac8 27. Rh3 h5 28. Qg5 Rc1 29. Rf3 R8c2 30. h3 Rxf1+ 31. Rxf1 Qc7 32. Kh2 Ra2 33. Rd1 Qb7 34. Rd8+ Kh7 35. Rd3 Rc2 36. Rg3 a4 37. f5 exf5 38. e6 fxe6 39. Qxg6+ Kh8 40. Qg8# 1-0


[Site "https://www.chess.com"]

[Event "Titled Tuesday Blitz May 23 Late 2023"]
[White "Luxama, Jacques Muller"]
[Black "Djordjevic, Dejan N"]
[WhiteFideId "11900113"]
[BlackFideId "913316"]
[WhiteElo "1931"]
[BlackElo "2261"]
[Result "0-1"]
[Round "08"]
[TimeControl "180+2"]
[Date "2023.05.23"]
[WhiteClock "0:00:12"]
[BlackClock "0:00:05"]

1. e4 c5 2. Nf3 Nc6 3. Bb5 g6 4. Bxc6 dxc6 5. O-O Bg7 6. h3 e5 7. d3 Qc7 8. a4 a5 9. Nbd2 b6 10. Nc4 Rb8 11. Bd2 Be6 12. Bc3 f6 13. b3 Nh6 14. Nfd2 O-O 15. Qc1 Rbe8 16. Qb2 g5 17. Ne3 Qd7 18. Ndc4 Rb8 19. f3 Nf7 20. Rad1 h5 21. Be1 Nh8 22. c3 Rfd8 23. Bf2 Ng6 24. Rd2 Nf4 25. Rfd1 Bxh3 26. d4 cxd4 27. cxd4 exd4 28. Rxd4 Qxd4 29. Rxd4 Rxd4 30. gxh3 Rd3 31. Nf5 Nxh3+ 32. Kg2 Nf4+ 33. Kh2 Rxf3 34. Bd4 Rf8 35. Nce3 Rh3+ 36. Kg1 g4 37. Kf1 Rh1+ 38. Kf2 Rh2+ 39. Kg3 Rxb2 40. Bxb2 Ng6 41. Nc4 b5 42. Ncd6 bxa4 43. bxa4 Rb8 44. Bd4 Rb3+ 45. Kf2 h4 46. Nxg7 Kxg7 47. Nf5+ Kh7 48. Bxf6 h3 49. e5 Rf3+ 50. Ke2 Rxf5 51. Bh4 Nxe5 52. Bg3 Nc4 53. Kd3 Nb2+ 54. Ke4 Rf3 55. Bd6 Nxa4 56. Be7 Kg6 57. Bd6 c5 58. Be5 c4 59. Kd4 c3 60. Ke4 c2 61. Bb2 Nxb2 62. Kd5 c1=Q 63. Kd6 Qe1 0-1


[Site "https://www.chess.com"]

[Event "Titled Tuesday Blitz May 23 Late 2023"]
[White "coquitovich"]
[Black "KVAIDAN"]
[WhiteElo "2147"]
[BlackElo "2287"]
[Result "0-1"]
[Round "08"]
[TimeControl "180+2"]
[Date "2023.05.23"]
[WhiteClock "0:00:00"]
[BlackClock "0:01:02"]

1. e4 e5 2. Nf3 d5 3. Nc3 dxe4 4. Nxe5 Bd6 5. Nc4 Nf6 6. Nxd6+ Qxd6 7. d3 exd3 8. Qxd3 Qxd3 9. Bxd3 Nc6 10. Bg5 O-O 11. Bxf6 Re8+ 12. Ne2 gxf6 13. O-O Ne5 14. Nf4 Nxd3 15. Nxd3 Re2 16. Rfe1 Rxc2 17. Re8+ Kg7 18. Nb4 Rxb2 19. Nd5 c6 20. Ne7 Re2 21. Nf5+ Bxf5 22. Rxe2 b5 23. Rc1 Rc8 24. Re7 a5 25. f3 Be6 26. a3 b4 27. axb4 axb4 28. Rb7 b3 29. Rc5 Bd5 30. Kf2 f5 31. Ke3 Kg8 32. Kd4 Kg7 33. g3 Kf6 34. Rxd5 cxd5 35. Rb6+ Ke7 36. Rxb3 Kd6 37. Rb6+ Rc6 38. Rb7 Ke6 39. f4 Rc4+ 40. Kd3 Ra4 41. Rb6+ Ke7 42. Rb7+ Kf6 43. Rb6+ Kg7 44. Rd6 Ra2 45. Rxd5 Kg6 46. Rd6+ f6 47. Re6 Rxh2 48. Ke3 Rh1 49. Kf3 h5 50. Re8 Rc1 51. Rg8+ Kf7 52. Rh8 Kg6 53. Rg8+ Kh7 54. Rf8 Rc6 55. Kg2 Kg7 56. Rb8 Rc3 57. Kh3 Kg6 58. Rg8+ Kh7 59. Rb8 Rc1 60. Rb7+ Kg6 61. Rb6 Rh1+ 62. Kg2 Re1 63. Kh3 Re4 64. Rb8 Re3 65. Rg8+ Kf7 66. Rh8 Re1 0-1


[Site "https://www.chess.com"]

[Event "Titled Tuesday Blitz May 23 Late 2023"]
[White "Osiecki, Stanislaw"]
[Black "Wang, Alexander J"]
[WhiteFideId "1102990"]
[BlackFideId "30955270"]
[WhiteElo "2088"]
[BlackElo "2275"]
[Result "0-1"]
[Round "08"]
[TimeControl "180+2"]
[Date "2023.05.23"]
[WhiteClock "0:00:00"]
[BlackClock "0:00:37"]

1. e4 c5 2. c3 Nf6 3. e5 Nd5 4. d4 cxd4 5. Nf3 e6 6. cxd4 Nc6 7. a3 d6 8. Bd3 dxe5 9. dxe5 Be7 10. O-O O-O 11. Qe2 g6 12. Bh6 Re8 13. Nc3 Nxc3 14. bxc3 Bf8 15. Bxf8 Rxf8 16. Qe3 Qc7 17. Rfe1 Ne7 18. Qh6 f5 19. exf6 Rxf6 20. Ng5 Nd5 21. c4 Nf4 22. Bf1 Qg7 23. Qh4 Bd7 24. Ne4 Rff8 25. g3 Nh5 26. Nc5 Rac8 27. Nxd7 Qxd7 28. Bh3 Ng7 29. Qe4 Rce8 30. Rad1 Qf7 31. Re2 Nf5 32. Rde1 e5 33. Bxf5 gxf5 34. Qd5 Qxd5 35. cxd5 e4 36. f3 Rd8 37. fxe4 fxe4 38. Rxe4 Rxd5 39. Re7 Rf7 40. Rxf7 Kxf7 41. Rb1 b6 42. Rb3 Rd2 43. Re3 Ra2 44. h4 Kg6 0-1


[Site "https://www.chess.com"]

[Event "Titled Tuesday Blitz May 23 Late 2023"]
[White "MunichMouse"]
[Black "Ottosen, David"]
[BlackFideId "2603080"]
[WhiteElo "2269"]
[BlackElo "2040"]
[Result "1-0"]
[Round "08"]
[TimeControl "180+2"]
[Date "2023.05.23"]
[WhiteClock "0:00:40"]
[BlackClock "0:00:15"]

1. d4 d5 2. c4 c6 3. Nf3 e6 4. e3 Nf6 5. Nc3 Nbd7 6. b3 Bd6 7. Bd3 O-O 8. O-O Re8 9. Bb2 dxc4 10. bxc4 e5 11. Nd2 exd4 12. exd4 Nf8 13. Nce4 Be7 14. Qf3 Be6 15. Rad1 Qb6 16. Ba1 Nxe4 17. Nxe4 Qa5 18. Rb1 Rab8 19. Bc3 Qc7 20. Bd2 Nd7 21. Bf4 Qc8 22. Bd6 Nf6 23. Bxe7 Nxe4 24. Qxe4 f5 25. Qh4 Qd7 26. Bg5 h6 27. Be3 b5 28. d5 cxd5 29. cxb5 Qf7 30. Qg3 Kh7 31. Bf4 Rb7 32. Rfe1 g5 33. Be5 Kg8 34. Qe3 f4 35. Qd4 Rc8 36. b6 axb6 37. Rxb6 Rxb6 38. Qxb6 Qd7 39. Qd6 Qxd6 40. Bxd6 Ra8 41. Rxe6 Rxa2 42. h3 1-0


[Site "https://www.chess.com"]

[Event "Titled Tuesday Blitz May 23 Late 2023"]
[White "dorpato"]
[Black "Estrada Nieto, Julian"]
[BlackFideId "5101018"]
[WhiteElo "2050"]
[BlackElo "2161"]
[Result "0-1"]
[Round "08"]
[TimeControl "180+2"]
[Date "2023.05.23"]
[WhiteClock "0:00:09"]
[BlackClock "0:00:50"]

1. e4 e5 2. d4 exd4 3. Nf3 Nc6 4. c3 d5 5. exd5 Qxd5 6. cxd4 Bb4+ 7. Nc3 Bg4 8. Be2 Bxf3 9. Bxf3 Qc4 10. Qb3 Qxb3 11. axb3 Nge7 12. O-O O-O 13. Bg5 f6 14. Be3 a6 15. h3 Rad8 16. Rad1 Rfe8 17. g4 Bd6 18. Ne4 Ng6 19. Nxd6 Rxd6 20. Bh1 Red8 21. d5 Nce7 22. Bc5 R6d7 23. Bxe7 Nxe7 24. Rfe1 Kf8 25. Re2 Nxd5 26. Red2 c6 27. Bxd5 Rxd5 28. Rxd5 Rxd5 29. Rxd5 cxd5 30. Kf1 Ke7 31. Ke2 Kd6 32. Kd3 Kc5 33. Kc3 a5 34. f4 g5 35. f5 b6 36. h4 gxh4 37. g5 fxg5 38. f6 Kd6 0-1


[Site "https://www.chess.com"]

[Event "Titled Tuesday Blitz May 23 Late 2023"]
[White "Romero Ruscalleda, Josep"]
[Black "Hajiyev, Kanan"]
[WhiteFideId "2231859"]
[BlackFideId "13404148"]
[WhiteElo "2183"]
[BlackElo "2103"]
[Result "0-1"]
[Round "08"]
[TimeControl "180+2"]
[Date "2023.05.23"]
[WhiteClock "0:00:00"]
[BlackClock "0:00:05"]

1. e4 c6 2. Nc3 d5 3. Nf3 a6 4. d4 Bg4 5. Be2 e6 6. O-O Nf6 7. e5 Nfd7 8. h3 Bxf3 9. Bxf3 c5 10. Re1 cxd4 11. Qxd4 Nc6 12. Qf4 Qc7 13. Bxd5 Ncxe5 14. Bb3 Bd6 15. Ne4 Bb4 16. Bd2 Bxd2 17. Nxd2 O-O 18. Re3 Rac8 19. Rae1 Ng6 20. Qb4 Nc5 21. Rc3 a5 22. Qb5 b6 23. Ne4 Qe5 24. Ree3 Nxe4 25. Qxe5 Nxe5 26. Rxc8 Rxc8 27. Rxe4 Ng6 28. Kf1 Kf8 29. Ke2 Ke7 30. f4 Rc5 31. g4 b5 32. f5 Nf8 33. fxe6 fxe6 34. c3 a4 35. Bc2 h6 36. a3 e5 37. Bd3 Kd6 38. Rb4 Kc6 39. Be4+ Kd6 40. Bd3 Kc6 41. Re4 Nd7 42. Re3 Nf6 43. Bf5 Nd5 44. Rd3 Nf4+ 45. Ke3 Nxd3 46. Bxd3 Kd5 47. Be4+ Kd6 48. Kd3 Rc7 49. Bf5 Kd5 50. Be4+ Ke6 51. Bf5+ Kf6 52. Ke3 Rc4 53. Bd3 Rc5 54. Be4 Kg5 55. Kf3 Kh4 56. Kg2 Rc4 57. Bf3 Rc7 58. Be2 Rd7 59. Bxb5 Rb7 60. c4 e4 61. Kf2 Kxh3 62. g5 hxg5 63. Ke3 g4 64. Bxa4 Rxb2 65. Bc6 Rb3+ 66. Kxe4 Rxa3 67. Bd7 Kh4 68. c5 g3 69. c6 g2 70. c7 Rc3 0-1


[Site "https://www.chess.com"]

[Event "Titled Tuesday Blitz May 23 Late 2023"]
[White "Stork, Oliver"]
[Black "Pace, Christopher"]
[WhiteFideId "12955728"]
[BlackFideId "2610167"]
[WhiteElo "2239"]
[BlackElo "2277"]
[Result "1/2-1/2"]
[Round "08"]
[TimeControl "180+2"]
[Date "2023.05.23"]
[WhiteClock "0:01:45"]
[BlackClock "0:00:06"]

1. e4 e5 2. Nf3 Nc6 3. Nc3 Nf6 4. Bb5 Bb4 5. O-O O-O 6. d3 Re8 7. Bg5 Bxc3 8. bxc3 h6 9. Bh4 g5 10. Bg3 d6 11. Re1 Bg4 12. Re3 a6 13. Bxc6 bxc6 14. Qe1 Nh5 15. Nd2 Be6 16. d4 Nf4 17. Bxf4 gxf4 18. Rd3 Qf6 19. d5 cxd5 20. exd5 Bf5 21. Ne4 Qg6 22. f3 Kh7 23. Rd2 Rab8 24. Re2 Rb6 25. Rb1 Reb8 26. Rxb6 Rxb6 27. Qc1 Bxe4 28. Rxe4 f5 29. Rb4 Qf7 30. Qb2 Qxd5 31. Rxb6 Qc5+ 32. Kf1 Qxb6 33. Qa3 Qb1+ 34. Ke2 Qxc2+ 35. Kf1 Qd3+ 36. Kf2 Qc2+ 37. Kf1 Qd3+ 38. Kf2 Qc2+ 39. Kf1 1/2-1/2


[Site "https://www.chess.com"]

[Event "Titled Tuesday Blitz May 23 Late 2023"]
[White "Howell, David W L"]
[Black "Ziatdinov, Raset"]
[WhiteFideId "410608"]
[BlackFideId "2015323"]
[WhiteElo "2567"]
[BlackElo "2220"]
[Result "1-0"]
[Round "08"]
[TimeControl "180+2"]
[Date "2023.05.23"]
[WhiteClock "0:00:21"]
[BlackClock "0:00:41"]

1. e4 e6 2. d4 d5 3. Nc3 Nf6 4. e5 Nfd7 5. f4 c5 6. Nf3 Nc6 7. Be3 a6 8. Qd2 b5 9. Be2 Qb6 10. Nd1 Bb7 11. c3 cxd4 12. cxd4 Rc8 13. O-O Na5 14. b3 Be7 15. Bd3 Kd8 16. Ng5 Rf8 17. Nxh7 Rh8 18. Ng5 Rf8 19. f5 Kc7 20. fxe6 fxe6 21. Nxe6+ Qxe6 22. Qxa5+ Kb8 23. Rxf8 Rxf8 24. Nf2 Bd8 25. Qd2 Bb6 26. Re1 Rf7 27. Nh3 Qg4 28. Ng5 Rf8 29. e6 Nf6 30. h3 Qh4 31. Nf3 Qg3 32. Bf4+ Bc7 33. Bxg3 Bxg3 34. e7 Re8 35. Bg6 Ne4 36. Rxe4 dxe4 37. Bxe8 exf3 38. gxf3 Ka7 1-0


[Site "https://www.chess.com"]

[Event "Titled Tuesday Blitz May 23 Late 2023"]
[White "Antonova, Nadezhda"]
[Black "Jimenez Martinez, Jose Vicente"]
[WhiteFideId "14700182"]
[BlackFideId "2264021"]
[WhiteElo "1799"]
[BlackElo "2231"]
[Result "0-1"]
[Round "08"]
[TimeControl "180+2"]
[Date "2023.05.23"]
[WhiteClock "0:00:00"]
[BlackClock "0:00:15"]

1. Nf3 d6 2. b3 g6 3. Bb2 Nf6 4. d4 Bg7 5. g3 O-O 6. Bg2 b5 7. Nfd2 c6 8. c4 bxc4 9. Nxc4 Bb7 10. O-O Nbd7 11. Qd2 Rb8 12. Rc1 c5 13. f3 Nb6 14. Na5 Ba8 15. Na3 Nfd7 16. e4 cxd4 17. Bxd4 Bxd4+ 18. Qxd4 Nc5 19. N3c4 Ne6 20. Qd2 Nxc4 21. Nxc4 d5 22. Ne5 dxe4 23. Qxd8 Rfxd8 24. fxe4 Rd2 25. Nc6 Bxc6 26. Rxc6 Rbd8 27. Bh3 Ng5 28. Bg2 Rb2 29. h4 Ne6 30. Bh3 Nd4 31. Rc8 Ne2+ 32. Kf1 Nxg3+ 33. Ke1 Rxc8 34. Bxc8 Nxe4 35. Bb7 Nc3 36. Rc1 Nxa2 37. Rc7 e6 38. Be4 a5 39. Ra7 Nc3 40. Bc6 Rxb3 41. Rxa5 Rb8 42. Ra7 Nb5 43. Rd7 Na3 44. Kf2 Nc4 45. Bf3 Ne5 46. Rc7 Rb2+ 47. Be2 Kg7 48. Ke3 Rb4 49. h5 Ng4+ 0-1


[Site "https://www.chess.com"]

[Event "Titled Tuesday Blitz May 23 Late 2023"]
[White "Roman, Rodrigo"]
[Black "Lonoff, Marc"]
[WhiteFideId "3701220"]
[BlackFideId "2001349"]
[WhiteElo "1995"]
[BlackElo "2106"]
[Result "1-0"]
[Round "08"]
[TimeControl "180+2"]
[Date "2023.05.23"]
[WhiteClock "0:00:12"]
[BlackClock "0:00:00"]

1. a3 e6 2. Ra2 Nf6 3. d4 a5 4. Nf3 b6 5. b3 Bb7 6. c4 Be7 7. Bg5 h6 8. Bxf6 Bxf6 9. Nc3 O-O 10. e4 c5 11. e5 cxd4 12. Qxd4 Nc6 13. Qe3 Be7 14. Nb5 Bc5 15. Qf4 f6 16. Bd3 fxe5 17. Qe4 Rf5 18. g4 Nd4 19. Qxb7 Nxf3+ 20. Kf1 Rf4 21. h3 Rb8 22. Qa7 Qf8 23. Qxd7 Rd8 24. Qxe6+ Kh8 25. Bf5 Rd1+ 26. Kg2 Rxh1 27. Kxh1 Ng5 28. Qc8 Rxf5 29. Qxf5 Qd8 30. h4 Nh7 31. Kg2 Qxh4 32. Rd2 Nf8 33. Nc7 Qe7 34. Nd5 Qb7 35. Qf3 Ng6 36. Qe4 Nf4+ 37. Kf3 Qf7 38. Nxf4 exf4 39. Rd8+ Bf8 40. Qxf4 Qxf4+ 41. Kxf4 Kg8 42. a4 Kf7 43. Kf5 g6+ 44. Ke4 Be7 45. Rb8 1-0


[Site "https://www.chess.com"]

[Event "Titled Tuesday Blitz May 23 Late 2023"]
[White "Burke, Paul"]
[Black "Sariego Figueredo, Wilfredo"]
[WhiteFideId "2605767"]
[BlackFideId "3500080"]
[WhiteElo "1884"]
[BlackElo "2309"]
[Result "0-1"]
[Round "08"]
[TimeControl "180+2"]
[Date "2023.05.23"]
[WhiteClock "0:00:00"]
[BlackClock "0:00:17"]

1. e4 c5 2. d4 a6 3. c3 cxd4 4. Nf3 Nf6 5. e5 Nd5 6. Bd3 dxc3 7. bxc3 e6 8. Qe2 Be7 9. O-O Nc6 10. h3 O-O 11. Qe4 g6 12. Bh6 Re8 13. Rd1 Qc7 14. h4 b5 15. h5 Bb7 16. hxg6 hxg6 17. Re1 Na5 18. Qg4 Kh7 19. Ng5+ Bxg5 20. Bxg5 Rh8 21. Re3 Kg7 22. Bf6+ Nxf6 23. exf6+ Kxf6 24. Qd4+ Ke7 0-1


[Site "https://www.chess.com"]

[Event "Titled Tuesday Blitz May 23 Late 2023"]
[White "Vargas, Mauricio"]
[Black "Kev4444444444"]
[WhiteFideId "4404572"]
[WhiteElo "1986"]
[BlackElo "2149"]
[Result "0-1"]
[Round "08"]
[TimeControl "180+2"]
[Date "2023.05.23"]
[WhiteClock "0:00:00"]
[BlackClock "0:02:01"]

1. e4 g6 2. f4 Bg7 3. Nf3 c5 4. Bc4 e6 5. O-O Ne7 6. d3 Nbc6 7. a3 d6 8. c3 O-O 9. Nbd2 a6 10. Ba2 b5 11. Qe1 b4 12. axb4 cxb4 13. Nb1 b3 14. Bxb3 Qb6+ 15. Kh1 Qxb3 16. Qh4 Qc2 17. f5 exf5 18. Bh6 Qxd3 19. Na3 Qxe4 20. Qh3 Qg4 21. Qxg4 fxg4 22. Bxg7 Kxg7 23. Nd4 Nxd4 24. cxd4 Be6 25. Nc2 Rfc8 26. Ne3 Rab8 27. Rxa6 Rxb2 28. Ra7 Nf5 29. d5 Nxe3 30. dxe6 Nxf1 31. Rxf7+ Kg8 32. Rxf1 Re8 33. Re1 Rxe6 34. Rc1 Rc2 35. Rg1 Ree2 36. h4 g3 37. h5 gxh5 38. Ra1 h4 39. Ra8+ Kg7 40. Ra7+ Kf6 41. Ra1 Rxg2 0-1


[Site "https://www.chess.com"]

[Event "Titled Tuesday Blitz May 23 Late 2023"]
[White "Prado, Alexandra"]
[Black "Florianovitz, Derlei Alex"]
[WhiteFideId "3301346"]
[BlackFideId "2114178"]
[WhiteElo "1759"]
[BlackElo "1953"]
[Result "0-1"]
[Round "08"]
[TimeControl "180+2"]
[Date "2023.05.23"]
[WhiteClock "0:00:00"]
[BlackClock "0:00:08"]

1. e4 e6 2. Nf3 d5 3. e5 c5 4. b4 cxb4 5. d4 Nc6 6. a3 bxa3 7. Bxa3 Be7 8. c3 Nh6 9. Bxe7 Qxe7 10. Na3 O-O 11. Nb5 f6 12. Bd3 fxe5 13. Nxe5 Nxe5 14. dxe5 Qg5 15. Qe2 Qxg2 16. Rf1 Bd7 17. Nd6 Qxh2 18. Kd2 Qf4+ 19. Kc2 a6 20. f3 b5 21. Rf2 Ng4 22. Rg2 Ne3+ 23. Kb3 Nxg2 24. Qxg2 Qxe5 25. Qh3 Qxd6 26. Bxh7+ Kf7 27. Qh5+ Ke7 28. Qg5+ Rf6 29. Qxg7+ Kd8 30. Qg8+ Kc7 31. Qxa8 Qc5 0-1


[Site "https://www.chess.com"]

[Event "Titled Tuesday Blitz May 23 Late 2023"]
[White "Rasulov, Vugar"]
[Black "Nakamura, Hikaru"]
[WhiteFideId "13402390"]
[BlackFideId "2016192"]
[WhiteElo "2509"]
[BlackElo "2885"]
[Result "1/2-1/2"]
[Round "09"]
[TimeControl "180+2"]
[Date "2023.05.23"]
[WhiteClock "0:00:10"]
[BlackClock "0:00:10"]

1. e4 c6 2. d4 d5 3. e5 Bf5 4. Be3 e6 5. Nd2 c5 6. dxc5 Nd7 7. Bb5 Ne7 8. Ngf3 Nc6 9. Bxc6 bxc6 10. b4 Qb8 11. Nd4 Qxb4 12. Rb1 Qa4 13. Nxf5 exf5 14. Nb3 Qc4 15. Qd4 Qxd4 16. Bxd4 a5 17. a4 Be7 18. Kd2 Nf8 19. Bc3 Ne6 20. Nxa5 Nxc5 21. Ke2 Nxa4 22. Bd2 Rc8 23. Rb7 Bd8 24. e6 O-O 25. exf7+ Rxf7 26. Rhb1 Rxb7 27. Rxb7 Nc5 28. Rb1 Ne4 29. Be1 c5 30. Rb7 Bf6 31. Rd7 Re8 32. Kf1 d4 33. Nc4 g6 34. f3 Ng5 35. Bh4 h6 36. Bxg5 hxg5 37. Rc7 Be7 38. Rc6 Kg7 39. Ne5 Bf6 40. Nd3 Ra8 41. Rc7+ Kh6 42. Rc6 Kg7 43. Rc7+ Kh6 44. Rc6 Be7 45. Nxc5 Ra1+ 46. Ke2 Rh1 47. h3 Rg1 48. Kf2 Rd1 49. Nd3 Rd2+ 50. Kf1 Rd1+ 51. Ke2 Rg1 52. Kf2 Rd1 53. Ne5 Kh7 54. Rc7 Kh6 55. Rxe7 Rd2+ 56. Kg3 Rxc2 57. Rd7 Rd2 58. Nf7+ Kh5 59. Nxg5 Kxg5 60. Rd6 f4+ 61. Kh2 d3 62. h4+ Kh5 63. Kh3 Kh6 64. Rd4 Rd1 65. Kg4 Rg1 66. Kxf4 Rxg2 67. Rxd3 g5+ 68. hxg5+ Rxg5 69. Rd8 Ra5 70. Kg4 Kg6 71. Rd6+ Kg7 72. f4 Rb5 73. Rc6 Ra5 74. Re6 Rb5 75. Re5 Rxe5 76. fxe5 Kf7 77. Kf5 Ke7 78. e6 Ke8 79. Kf6 Kf8 80. Ke5 Ke7 81. Kd5 Ke8 82. Ke5 Ke7 83. Kd5 Ke8 84. Kd6 Kd8 85. e7+ Ke8 86. Ke6 1/2-1/2


[Site "https://www.chess.com"]